Map: Flooded City

Players

MonstroTown

  • Race: Terran Terran
  • Spawn Location: 12:00

Michael

  • Race: Protoss Protoss
  • Spawn Location: 12:00

Roflmeister

  • Race: Terran Terran
  • Spawn Location: 6:00

GordanWhy

  • Race: Protoss Protoss
  • Spawn Location: 6:00

VOD

Have the link to the VOD?

Description

Time

  • Played on: Aug. 18, 2018, 7:54 p.m.
  • Length: 11:38
Show
View Real Time Build Order
Export as new Build Order

MonstroTown Terran 

Build Orders: MMM Bio 

Get SALT Encoding   

  12  0:01  SCV  
  13  0:13  SCV  
  14  0:19  Supply Depot  
  14  0:25  SCV  
  15  0:40  SCV  
  15  0:41  Barracks  
  16  0:47  Refinery  
  16  0:52  SCV  
  17  1:04  SCV  
  18  1:17  SCV, Refinery  
  19  1:25  Barracks  
  19  1:29  Orbital Command  
  19  1:33  Reaper  
  20  1:55  SCV  
  20  2:10  Barracks Reactor  
  20  2:14  Barracks Tech Lab  
  20  2:17  Factory  
  20  2:34  Marine  
  19  2:50  Marine  
  19  2:51  Marine  
  21  2:52  Marine  
  22  3:08  Marine  
  22  3:14  Marine  
  23  3:23  Supply Depot  
  23  3:43  Supply Depot  
  23  3:44  Marine x2  
  23  3:45  Marauder, Cyclone  
  30  4:03  Command Center  
  30  4:07  SCV  
  31  4:17  Marine x2  
  31  4:19  SCV  
  34  4:33  Factory Tech Lab  
  34  4:35  Engineering Bay  
  34  4:44  Starport  
  34  4:47  SCV  
  34  4:50  Marine x2  
  34  4:51  Marauder  
  39  4:55  Stimpack  
  39  5:06  Supply Depot  
  39  5:14  SCV  
  39  5:15  Missile Turret  
  40  5:26  Marine x2  
  40  5:27  SCV  
  43  5:30  Marauder  
  45  5:46  Terran Infantry Weapons Level 1  
  45  5:47  Missile Turret  
  45  6:01  Starport Reactor  
  45  6:08  Barracks  
  45  6:10  SCV, Barracks  
  46  6:22  SCV  
  46  6:24  Orbital Command  
  47  6:46  Marine x2  
  49  6:48  Siege Tank, Medivac x2  
  49  6:52  SCV x2  
  55  7:07  Marine  
  55  7:08  Marine  
  57  7:09  Barracks Tech Lab, Barracks Reactor  
  57  7:10  Combat Shields  
  57  7:17  Engineering Bay  
  57  7:18  SCV x2  
  59  7:23  Supply Depot  
  61  7:30  SCV, Marauder  
  62  7:44  SCV  
  39  7:59  Marine x2  
  39  8:00  Marine x4  
  42  8:10  Medivac  
  42  8:11  Medivac  
  42  8:12  Siege Tank  
  49  8:16  Terran Infantry Armor Level 1  
  49  8:17  Marine x3  
  49  8:18  Marine  
  53  8:26  SCV  
  54  8:45  Command Center  
  50  8:53  Marine  
  50  8:54  Marine x4  
  46  8:57  Marauder  
  46  8:58  Siege Tank  
  46  8:59  Medivac  
  51  9:11  Marine  
  51  9:12  Marine  
  53  9:32  Marine x6  
  59  9:42  Medivac x2  
  63  9:49  Marine  
  63  9:50  Marine x5  
  68  9:58  Concussive Shells  
  52  10:07  Marine x3  
  52  10:08  Marine  
  45  10:38  Marine  
  45  10:39  Marine x2  
  45  10:40  Marine  
  40  10:56  Barracks  
  39  10:57  Marine x2  
  39  10:58  Barracks, Marine  
  39  11:01  Barracks  
  39  11:03  Barracks  
  31  11:15  Marine x3  
  29  11:33  Missile Turret  
  29  11:36  Missile Turret  
Show
View Real Time Build Order
Export as new Build Order

Michael Protoss 

Build Orders:  

Get SALT Encoding   

  1  0:00  Probe  
  12  0:05  Probe  
  14  0:15  Probe  
  15  0:27  Pylon  
  15  0:39  Assimilator  
  15  0:44  Assimilator  
  15  0:45  Probe  
  16  0:57  Probe  
  16  1:00  Gateway  
  17  1:07  Probe  
  17  1:08  Pylon  
  18  1:15  Probe  
  19  1:30  Gateway  
  19  1:46  Gateway  
  19  1:50  Cybernetics Core  
  19  1:59  Pylon  
  19  2:01  Probe  
  20  2:09  Probe  
  21  2:22  Warp Gate  
  21  2:30  Nexus  
  21  2:38  Stalker  
  21  2:42  Probe  
  24  2:54  Probe  
  25  3:04  Stalker  
  27  3:06  Probe  
  28  3:14  Pylon  
  28  3:18  Probe  
  29  3:20  Stalker  
  31  3:35  Pylon  
  31  3:36  Pylon  
  31  3:40  Probe  
  31  3:44  Probe  
  33  3:48  Probe  
  34  3:56  Probe  
  34  3:59  Probe  
  36  4:08  Probe  
  37  4:11  Probe  
  38  4:20  Probe  
  38  4:22  Pylon  
  38  4:23  Probe  
  40  4:26  Pylon  
  40  4:33  Probe  
  40  4:35  Stargate  
  41  4:40  Stargate  
  41  4:43  Forge  
  41  4:46  Probe  
  41  4:48  Pylon  
  41  4:50  Probe  
  43  4:54  Probe  
  44  5:02  Probe  
  44  5:04  Probe  
  46  5:09  Stalker x2  
  46  5:10  Stalker  
  52  5:20  Photon Cannon  
  52  5:22  Shield Battery  
  52  5:26  Pylon  
  52  5:33  Assimilator  
  52  5:34  Probe  
  53  5:37  Assimilator  
  53  5:39  Stalker  
  55  5:46  Probe  
  55  5:48  Void Ray  
  56  5:52  Twilight Council  
  56  5:53  Void Ray  
  56  5:58  Probe  
  65  6:11  Probe  
  66  6:14  Photon Cannon  
  66  6:16  Photon Cannon  
  66  6:20  Photon Cannon  
  66  6:25  Probe  
  67  6:33  Probe  
  68  6:48  Stalker x2  
  68  6:49  Stalker  
  74  6:55  Pylon  
  74  6:58  Void Ray x2  
  74  7:08  Gateway  
  74  7:09  Gateway  
  82  7:16  Charge  
  82  7:19  Protoss Shields Level 1  
  82  7:26  Gateway  
  82  7:28  Gateway  
  82  7:34  Photon Cannon  
  66  7:59  Void Ray x2  
  68  8:17  Protoss Air Armor Level 1  
  68  8:36  Pylon  
  68  8:41  Void Ray x2  
  73  9:00  Stalker x3  
  71  9:02  Zealot  
  71  9:03  Zealot x3  
  71  9:15  Void Ray x2  
  39  10:07  Void Ray x2  
  39  10:46  Void Ray x2  
  43  11:01  Stalker  
Show
View Real Time Build Order
Export as new Build Order

Roflmeister Terran 

Build Orders: Reaper Expand 

Get SALT Encoding   

  12  0:01  SCV  
  13  0:13  SCV  
  14  0:20  Supply Depot  
  14  0:25  Refinery  
  14  0:29  SCV  
  15  0:41  SCV  
  16  0:49  Barracks  
  16  0:53  SCV  
  17  1:05  SCV  
  18  1:17  SCV  
  19  1:35  Orbital Command  
  19  1:36  Reaper  
  20  1:48  Command Center  
  20  2:01  Factory  
  20  2:03  SCV  
  21  2:10  Barracks Reactor  
  21  2:15  SCV  
  22  2:22  Refinery  
  22  2:26  Supply Depot  
  22  2:27  SCV  
  22  2:53  SCV  
  23  3:06  SCV  
  23  3:08  Orbital Command  
  23  3:11  Barracks Reactor  
  23  3:12  Widow Mine x2  
  28  3:17  Supply Depot  
  28  3:18  SCV  
  29  3:31  Factory  
  29  3:35  SCV x2  
  30  3:47  SCV  
  30  3:48  SCV  
  32  3:50  Widow Mine  
  32  3:51  Widow Mine  
  36  3:59  SCV  
  36  4:00  SCV  
  36  4:01  Barracks Tech Lab  
  38  4:07  Refinery x2  
  38  4:09  Armory  
  38  4:12  SCV, Supply Depot  
  38  4:13  SCV, Supply Depot  
  40  4:21  Widow Mine  
  40  4:24  SCV  
  43  4:25  SCV  
  43  4:28  Barracks Reactor  
  43  4:31  Factory  
  44  4:35  Widow Mine  
  44  4:36  SCV  
  47  4:48  SCV x2  
  47  4:52  Supply Depot  
  49  4:53  Supply Depot  
  49  4:54  Widow Mine  
  51  5:00  SCV  
  51  5:02  Widow Mine x3  
  58  5:15  Barracks Reactor  
  58  5:16  Widow Mine  
  58  5:19  Factory, Drilling Claws  
  60  5:23  Widow Mine, SCV x2  
  60  5:28  Widow Mine  
  66  5:39  Armory, SCV  
  66  5:40  SCV  
  68  5:45  Widow Mine, Factory  
  68  5:48  Supply Depot  
  70  5:50  Supply Depot  
  70  5:59  Terran Vehicle Weapons Level 1  
  70  6:01  SCV  
  70  6:02  SCV  
  70  6:03  Widow Mine x2  
  76  6:08  Widow Mine x3  
  82  6:13  SCV  
  82  6:14  SCV  
  84  6:25  SCV  
  84  6:31  SCV  
  86  6:36  Supply Depot  
  86  6:39  Terran Vehicle And Ship Armor Level 1  
  86  6:53  Widow Mine x2  
  86  7:10  Widow Mine x6  
  86  7:11  Widow Mine  
  86  7:14  Widow Mine  
  102  7:19  Widow Mine  
  104  7:27  SCV x2  
  106  7:31  Widow Mine x2  
  110  7:37  Supply Depot  
  110  7:40  Supply Depot  
  110  7:41  Widow Mine x4  
  118  7:46  Widow Mine  
  118  7:47  Widow Mine  
  114  7:58  Widow Mine x3  
  116  8:01  Supply Depot  
  116  8:03  Widow Mine x4  
  122  8:07  Widow Mine  
  122  8:16  Widow Mine  
  122  8:19  Widow Mine x3  
  130  8:23  Supply Depot  
  130  8:24  Widow Mine x3  
  130  8:25  SCV x2  
  138  8:37  SCV  
  139  8:55  Widow Mine x9  
  151  9:16  Widow Mine x2  
  151  9:17  Widow Mine x7  
  148  9:34  SCV x2  
  148  9:38  Widow Mine x2  
  137  10:04  SCV  
  137  10:07  Widow Mine  
  134  10:08  SCV  
  134  10:09  Supply Depot  
  134  10:11  Widow Mine x2  
  137  10:16  SCV  
  137  10:20  SCV  
  137  10:28  SCV  
  136  10:32  SCV  
  137  10:40  SCV  
  138  10:44  SCV  
  138  10:48  Widow Mine x5  
  149  11:13  SCV  
Show
View Real Time Build Order
Export as new Build Order

GordanWhy Protoss 

Build Orders: Double Forge 

Get SALT Encoding   

  12  0:02  Probe  
  13  0:24  Probe  
  13  0:25  Pylon  
  14  0:32  Probe  
  14  0:42  Probe  
  15  0:46  Gateway  
  16  0:53  Probe  
  17  1:01  Probe  
  17  1:09  Probe  
  19  1:18  Gateway  
  19  1:21  Gateway  
  19  1:24  Pylon  
  19  1:34  Zealot  
  21  1:45  Cybernetics Core  
  21  1:53  Probe  
  21  1:54  Assimilator  
  22  1:58  Assimilator  
  22  2:01  Zealot, Probe  
  25  2:09  Probe  
  25  2:10  Zealot  
  25  2:15  Zealot  
  30  2:20  Probe  
  31  2:46  Warp Gate  
  31  3:03  Pylon  
  31  3:06  Pylon  
  31  3:21  Stalker  
  31  3:22  Pylon  
  31  3:24  Pylon  
  33  3:33  Twilight Council  
  33  3:35  Forge  
  33  3:37  Forge  
  33  3:38  Forge  
  33  3:47  Pylon  
  33  3:50  Probe  
  33  3:51  Pylon  
  34  4:20  Nexus  
  34  4:32  Probe  
  35  4:40  Probe  
  36  4:49  Gateway  
  36  4:50  Probe  
  37  4:54  Gateway  
  37  5:02  Probe  
  37  5:06  Gateway  
  38  5:10  Probe  
  38  5:11  Charge  
  38  5:18  Probe  
  40  5:28  Probe  
  41  5:38  Probe  
  41  5:40  Probe  
  43  5:46  Probe  
  43  5:53  Probe  
  43  5:54  Nexus  
  45  6:03  Probe  
  46  6:12  Gateway  
  46  6:14  Gateway  
  46  6:16  Probe  
  46  6:18  Protoss Ground Weapons Level 1  
  47  6:19  Protoss Ground Armor Level 1  
  47  6:21  Protoss Shields Level 1  
  47  6:24  Probe  
  47  6:28  Probe  
  47  6:32  Probe  
  49  6:35  Zealot x4  
  49  6:36  Zealot x2  
  62  6:40  Probe  
  62  6:41  Probe  
  64  6:49  Probe  
  64  6:53  Probe  
  66  6:57  Probe  
  66  7:05  Probe  
  66  7:06  Probe  
  69  7:18  Probe  
  70  7:30  Probe  
  70  7:33  Zealot x4  
  70  7:34  Zealot x4  
  63  7:58  Zealot x6  
  63  7:59  Zealot x2  
  69  8:11  Pylon  
  65  8:16  Protoss Ground Weapons Level 2  
  65  8:17  Protoss Ground Armor Level 2  
  65  8:19  Protoss Shields Level 2  
  65  8:21  Zealot x4  
  65  8:22  Zealot x4  
  81  8:59  Nexus  
  81  9:01  Pylon x2  
  71  9:11  Zealot x2  
  71  9:12  Zealot x6  
  81  9:41  Stalker x3  
  81  9:42  Stalker x4  
  87  10:12  Zealot x4  
  87  10:13  Zealot x4, Probe  
  99  10:21  Probe  
  89  10:30  Probe  
  78  10:43  Probe  
  78  10:45  Zealot x7  
  78  10:46  Zealot  
  95  10:51  Gateway  
  95  10:55  Probe  
  96  11:09  Zealot x3  
  96  11:10  Zealot x5  
Tags
 
Add a new tag
Caveats
  • Supply blocks, unpowered buildings, or Contaminate may cause inaccurate times.
  • Supply counts are checked every 10 seconds.